 Dungeon Crawl Stone Soup version 0.21-a0-213-gae198ad (webtiles) character file.

16 Banto the Charmwright (level 2, -1/22 HPs)
             Began as a Demonspawn Skald on Aug 22, 2017.
             Slain by an orc
             ... wielding a cursed -2 club
              (2 damage)
             ... on level 6 of the Dungeon.
             The game lasted 00:00:46 (356 turns).

Banto the Charmwright (Demonspawn Skald)             Turns: 356, Time: 00:00:47

Health: -1/22      AC:  3    Str: 11    XL:     2   Next: 37%
Magic:  5/5        EV: 11    Int: 14    God:
Gold:   13         SH:  0    Dex: 12    Spells: 4/5 levels left

rFire    . . .     SeeInvis .   a - +0 short sword
rCold    . . .     Gourm    .   (no shield)
rNeg     . . .     Faith    .   b - +0 leather armour
rPois    .         Spirit   .   (helmet restricted)
rElec    .         Reflect  .   (no cloak)
rCorr    .         Harm     .   (no gloves)
MR       .....                  (no boots)
Stlth    +.........             (no amulet)
HPRegen  0.07/turn              (no ring)
MPRegen  0.09/turn              (no ring)

@: no status effects
A: antennae 1
a: no special abilities


You were on level 6 of the Dungeon.
You were not hungry.

You visited 1 branch of the dungeon, and saw 6 of its levels.

You collected 13 gold pieces.

Inventory:

Hand Weapons
 a - a +0 short sword (weapon)
Armour
 b - a +0 leather armour (worn)
Scrolls
 f - a scroll of enchant weapon {unknown}
 h - a scroll of immolation
 i - a scroll of remove curse {unknown}
Books
 c - a book of Battle

   Spells                             Type                      Level
   a - Infusion                       Charms                       1
   b - Shroud of Golubria             Charms/Translocation         2
   c - Song of Slaying                Charms                       2
   d - Spectral Weapon                Hexes/Charms                 3
   e - Regeneration                   Charms/Necromancy            3
Comestibles
 d - a bread ration
 g - a chunk of flesh


   Skills:
 - Level 2.0 Fighting
 + Level 2.2 Short Blades
 - Level 0.8 Armour
 - Level 1.7 Dodging
 + Level 1.4 Stealth
 - Level 2.0 Spellcasting
 - Level 2.6 Charms


You had 4 spell levels left.
You knew the following spells:

 Your Spells              Type           Power        Failure   Level  Hunger
a - Infusion              Chrm           #...         11%         1    ##.....


Dungeon Overview and Level Annotations

Branches:
Dungeon (6/15)             Temple (0/1) D:4

Altars:


Innate Abilities, Weirdness & Mutations

You have a pair of small antennae on your head.


Message History

You take 7 damage, and have 9/22 hp.
MASSIVE DAMAGE!!
You are too injured to fight recklessly!
You hit the orc but do no damage.
The orc is moderately wounded.
You are too injured to fight recklessly!
The orc misses you. The orc hits you with a flail!
* * * LOW HITPOINT WARNING * * *
You take 7 damage, and have 2/22 hp.
MASSIVE DAMAGE!!
You are too injured to fight recklessly!
You hit the orc.
The orc is moderately wounded.
The orc hits you with a club.
* * * LOW HITPOINT WARNING * * *
The orc barely misses you.
You take 1 damage, and have 1/22 hp.
You are too injured to fight recklessly!
You hit the orc but do no damage.
The orc is moderately wounded.
The orc hits you with a club.
You die...

### ... ..
####.####
#.....<.#
......##.######.
##..............
#.##....o$.####
# #.##@##.# #.
#o# .# .


oso # . #.o.. .. ..#... #.. ...# ... .... .### ###.# You could see a scorpion
and 5 orcs.

Vanquished Creatures
  A dart slug (D:1)
  2 leopard geckos
  A goblin (D:1)
  2 hobgoblins
  A bat (D:1)
  2 frilled lizards
  A kobold (D:2)
  3 rats (D:1)
13 creatures vanquished.

Notes
Turn   | Place    | Note
-------+----------+-------------------------------------------
     0 | D:1      | Banto the Demonspawn Skald began the quest for the Orb.
     0 | D:1      | Reached XP level 1. HP: 16/16 MP: 3/3
   158 | D:1      | Reached skill level 1 in Stealth
   162 | D:1      | Gained mutation: You have a pair of small antennae on your head. [demonic ancestry]
   162 | D:1      | Reached XP level 2. HP: 18/22 MP: 5/5
   302 | D:4      | Found a staircase to the Ecumenical Temple.
   311 | D:5      | Entered Level 5 of the Dungeon
   349 | D:6      | Noticed a scorpion
   355 | D:6      | HP: 1/22 [orc/club (1)]
   356 | D:6      | Slain by an orc

Vault maps used:
D:1:      wheals_arrival_linesprint
D:2:      cheibrodos_fertilizer, first_bread
D:3:      grunt_temple_overflow_open, uniq_jessica, uniq_terence, uniq_robin
D:4:      minmay_temple_entry_trees, serial_shops, shop_statue,
          serial_park_tiny_1
D:5:      uniq_crazy_yiuf_cottage, uniq_menkaure, uniq_duvessa, uniq_eustachio
D:6:      uniq_edmund, uniq_blork_the_orc

Skill      XL: |  1 |
---------------+----+-----
Short Blades   | 2 |  2.2
Stealth        | 1 |  1.4
Fighting       | |  2.0
Armour         | |  0.8
Dodging        | |  1.7
Spellcasting   | |  2.0
Charms         | |  2.6

Action                   || total
-------------------------++-------
Melee: Short sword       ||    57
 Cast: Infusion          ||     1
  Use: Scroll            ||     1
       Potion            ||     1
Armor: Leather armour    ||    16
Dodge: Dodged            ||    39

Table legend:
 A = Spawn XP
 B = Non-spawn XP
 C = Spawn XP percentage of total XP
 D = Spawn monster count
 E = Non-spawn monster count
 F = Spawn count percentage of total count
 G = Total turns spent on level
                    A         B        C        D         E        F      G
               +---------+---------+-------+---------+---------+-------+---------
         Total |       0 |      23 |   0.0 |       0 |      13 |   0.0 |   356
               +---------+---------+-------+---------+---------+-------+---------
           D:1 |       0 |      13 |   0.0 |       0 |       8 |   0.0 |   172
           D:2 |       0 |       7 |   0.0 |       0 |       4 |   0.0 |    34
           D:3 |       0 |       3 |   0.0 |       0 |       1 |   0.0 |    37
               +---------+---------+-------+---------+---------+-------+---------

Table legend:
 A = Turns spent in this place as a percentage of turns spent in the entire game.
 B = Non-inter-level travel turns spent in this place as a percentage of non-inter-level travel turns spent in the entire game.
 C = Inter-level travel turns spent in this place as a percentage of turns spent in this place.
 D = Turns resting spent in this place as a percentage of non-inter-level travel turns spent in this place.
 E = Turns spent auto-exploring this place as a percentage of non-inter-level travel turns spent in this place.
 F = Non-inter-level travel turns spent in this place divided by the number of levels of this place that you've seen.
                   A       B       C       D       E      F
               +-------+-------+-------+-------+-------+----------------------
         Total | 100.0 | 100.0 |   5.6 |   0.0 |  57.7 |  56.0
       Dungeon | 100.0 | 100.0 |   5.6 |   0.0 |  57.7 |  56.0
               +-------+-------+-------+-------+-------+----------------------

Table legend:
 A = Kills in this place as a percentage of kills in entire the game.
 B = Kills by you in this place as a percentage of kills by you in the entire game.
 C = Kills by friends in this place as a percentage of kills by friends in the entire game.
 D = Other kills in this place as a percentage of other kills in the entire game.
 E = Experience gained in this place as a percentage of experience gained in the entire game.
 F = Experience gained in this place divided by the number of levels of this place that you have seen.
                   A       B       C       D       E      F
               +-------+-------+-------+-------+-------+----------------------
         Total | 100.0 | 100.0 |  -nan |  -nan | 100.0 |   3.8
       Dungeon | 100.0 | 100.0 |  -nan |  -nan | 100.0 |   3.8
               +-------+-------+-------+-------+-------+----------------------
